 Dungeon Crawl Stone Soup version 0.31-a0-167-g1c394c0614 (webtiles) character file.

Game seed: 3930196224590171867

88809 qw the Severer (level 15, -4/96 HPs)
             Began as a Gargoyle Fighter on June 14, 2023.
             Was a High Priest of Okawaru.
             Slain by a boulder beetle (17 damage)
             ... on level 14 of the Dungeon.
             The game lasted 00:12:49 (22662 turns).

qw the Severer (Gargoyle Fighter)                  Turns: 22662, Time: 00:12:49

Health: -4/96      AC: 33    Str: 39    XL:     15   Next: 95%
Magic:  20/22      EV: 16    Int:  8    God:    Okawaru [*****.]
Gold:   2566       SH: 13    Dex:  9    Spells: 14/14 levels left

rFire   + . .        c - +6 broad axe of the Fray {freeze, rF+}
rCold   . . .        B - +0 kite shield {reflect}
rNeg    + . .        b - +0 plate armour
rPois   inf          y - +0 helmet
rElec   +            u - +0 cloak {rCorr}
rCorr   +            w - +0 pair of gloves of the Tarantula {Str+5}
SInv    .            (no boots)
Will    +....        s - amulet of faith Stlth
                     I - +5 ring of evasion
HPRegen 0.36/turn    e - +6 ring of strength
MPRegen 0.18/turn

%: reflection, faith
@: about to teleport, heroic, flying
A: sickness immunity, AC +11, big wings, negative energy resistance 1,
electricity resistance, torment resistance 1, petrification resistance
a: Renounce Religion, Heroism, Finesse, Duel


You were on level 14 of the Dungeon.
You worshipped Okawaru.
Okawaru was extremely pleased with you.
You visited 3 branches of the dungeon, and saw 20 of its levels.

You collected 2758 gold pieces.
You spent 192 gold pieces at shops.


Innate Abilities, Weirdness & Mutations

You are immune to sickness and miasma.
Your stone body is resilient. (AC +11)
You are immune to poison.
Your large and strong wings let you fly.
You resist negative energy. (rN+)
You are resistant to electric shocks. (rElec)
You are resistant to unholy torment.
You are immune to petrification.


   Skills:
 + Level 12.0(17.0) Fighting
 - Level 17.0(22.0) Axes
 - Level 5.0(10.0) Throwing
 - Level 11.0(16.0) Armour
 - Level 3.0(8.0) Dodging
 - Level 13.0(18.0) Shields
 - Level 10.0 Invocations


You had 14 spell levels left.
You didn't know any spells.
Your spell library was empty.

Inventory:

Hand Weapons
 c - the +6 broad axe of the Fray (weapon) {freeze, rF+}
   (You found it on level 9 of the Dungeon)

   rF:        It protects you from fire.
 n - a +1 broad axe of freezing
 q - a +0 morningstar
Missiles
 v - 3 boomerangs
 G - 9 javelins (quivered)
Armour
 b - a +0 plate armour (worn)
 p - a +0 chain mail of fire resistance
 u - a +0 cloak of preservation (worn)
 w - the +0 pair of gloves of the Tarantula (worn) {Str+5}
   (Okawaru gifted it to you on level 10 of the Dungeon)

   Str:       It affects your strength (+5).
 y - a +0 helmet (worn)
 B - a +0 kite shield of reflection (worn)
 E - +0 acid dragon scales
Jewellery
 e - a +6 ring of strength (right hand)
 g - the amulet of Ynlaisho {Acrobat rC++ rCorr}
   (You acquired it on level 2 of the Dungeon)

   [amulet of the acrobat]

   It increases your evasion while moving and waiting.
   rC:        It greatly protects you from cold.
   rCorr:     It protects you from acid and corrosion.
 j - a ring of protection from fire
 m - an amulet of regeneration
 r - a ring of resist corrosion
 s - an amulet of faith (around neck)
 A - a ring of ice
 I - a +5 ring of evasion (left hand)
 J - a ring of protection from fire
Wands
 D - a wand of digging (13)
Scrolls
 l - 5 scrolls of identify
 x - 4 scrolls of teleportation
 C - 2 scrolls of butterflies {unknown}
 H - 2 scrolls of enchant weapon
Potions
 a - 10 potions of curing
 d - 3 potions of might
 f - 3 potions of magic
 h - 3 potions of haste
 i - 3 potions of lignification
 k - 2 potions of mutation
 o - a potion of attraction
 t - 4 potions of cancellation
 z - a potion of resistance

Dungeon Overview and Level Annotations

Branches:
Dungeon (14/15)            Temple (1/1) D:6            Lair (5/5) D:9
  Swamp (0/4) Lair:3        Snake (0/4) Lair:3        Slime (0/5) Lair:5
    Orc (0/2) D:9          Vaults (0/5) D:13

Altars:
Ashenzari
Cheibriados
Dithmenos
Elyvilon
Fedhas
Gozag
Hepliaklqana
Kikubaaqudgha
Makhleb
Nemelex Xobeh
Okawaru
Qazlal
Ru
Sif Muna
Trog
Uskayaw
Vehumet
Wu Jian
Xom
Yredelemnul
Zin
The Shining One
Jiyva

Shops:
D:1 (   D:7 ?


Message History

Enter note:
Enter note:
Enter note:
Enter note:
Enter note:
Enter note:
Enter note:
Enter note:
Enter note: You slice the centaur warrior!!
You freeze the centaur warrior.
The centaur warrior is heavily wounded.
The centaur warrior misses you. You block the centaur warrior's attack.
You hit the centaur warrior. You freeze the centaur warrior.
The centaur warrior is severely wounded.
You slash the boulder beetle! You freeze the boulder beetle.
The centaur warrior misses you.
The centaur warrior kicks you but does no damage.
The boulder beetle hits you!!!
The boulder beetle stops rolling and uncurls.
The centaur warrior hits you but does no damage.
You block the centaur warrior's attack.
22660 ||| INVOKING Heroism.
You gain the combat prowess of a mighty hero.
The manticore bites you but does no damage.
The manticore claws you but does no damage.
You block the manticore's attack. You block the boulder beetle's attack.
The centaur warrior hits you! The centaur warrior misses you.
You slash the centaur warrior! You freeze the centaur warrior.
The centaur warrior is almost dead.
You slice the manticore!! You freeze the manticore.
You hit the boulder beetle but do no damage.
The centaur warrior hits you. You block the centaur warrior's attack.
The boulder beetle barely misses you. The manticore bites you!
You block the manticore's attack. The manticore closely misses you.
22662 ||| READING 5 scrolls of teleportation.
As you read the scroll of teleportation, it crumbles to dust.
You feel strangely unstable. You block the centaur warrior's attack.
The centaur warrior barely misses you. The boulder beetle bites you!
You die...

......######
.......!...#.........'
...........#.........#
...........#.........#
......##...#.........# .
......##...#.........#..
.####
...........#.........'..
.....
.>.........#....cH...#
.....
...........#....@B...#
#....
#....####'##..)))....#
#....
#....###..#.....###'##
#....
#.........#.....#....#
#####
#.....>...#.....'....#
#.........#.....#....#
#....##...#.....#....#
#....######.....# ..##
.....#.......#### ..#


You could see a boulder beetle, a centaur warrior and a manticore.

Vanquished Creatures
  Gastronok (Lair:3)
  A fire dragon (Lair:5)
  5 hydras
  2 ogre magi
  4 centaur warriors
  2 boulder beetles (D:14)
  7 two-headed ogres
  4 death yaks (Lair:1)
  Urug (Lair:1)
  Nergalle (D:10)
  A skeletal warrior (D:13)
  A skyshark (Lair:5)
  A fire crab (Lair:5)
  Lodul (D:14)
  A swamp dragon (Lair:5)
  A lindwurm (Lair:5)
  Pikel (D:4)
  2 deep elf pyromancers (D:13)
  A wolf spider (Lair:5)
  10 ugly things
  2 manticores
  3 cyclopes
  5 centaur zombies (D:11)
  18 black mambas
  A guardian serpent (Lair:5)
  An eye of devastation (Lair:5)
  6 cane toads (Lair:5)
  4 centaur skeletons (D:13)
  13 elephants
  2 gargoyles
  8 rime drakes
  16 komodo dragons
  5 kobold demonologists
  5 yaktaurs (D:13)
  A meliai (shapeshifter) (D:14)
  Prince Ribbit (D:5)
  7 trolls
  2 polar bears
  Grinder (D:6)
  3 hornets
  5 blink frogs (Lair:5)
  2 meliai zombies (D:11)
  4 shadows (D:11)
  9 slime creatures
  71 yaks
  3 vampires
  6 wraiths
  12 wyverns
  Grum (Lair:1)
  6 vampire mosquitoes (D:13)
  3 redbacks (Lair:5)
  6 basilisks
  Menkaure (D:6)
  28 water moccasins
  5 acid dragons
  A floating eye (Lair:5)
  Duvessa (D:4)
  An ice beast (D:5)
  5 orc warriors
  A black bear (Lair:3)
  A sky beast (D:7)
  20 ogres
  A swamp drake (Lair:5)
  18 wolves
  14 centaurs
  2 phantoms
  11 kobold brigands
  Blork the orc (D:5)
  3 gnoll sergeants
  15 bullfrogs
  2 scorpions
  13 wights
  Dowan (D:4)
  16 killer bees
  2 electric eels (D:9)
  6 howler monkeys
  2 crimson imps (D:9)
  9 hounds
  2 quasits (D:6)
  5 orc priests
  2 gnoll boudas (D:7)
  A jelly (D:7)
  A sleepcap (D:4)
  Ijyb (D:4)
  11 iguanas
  17 orc wizards
  9 hell rats
  15 gnolls
  9 adders
  9 river rats (Lair:1)
  3 shadow imps
  3 white imps (D:6)
  2 ufetubi (D:6)
  2 worms (D:3)
  2 dart slugs
  35 orcs
  3 bats
  6 endoplasms
  5 giant cockroaches
  9 goblins
  9 hobgoblins
  6 quokkas
  6 ball pythons
  5 frilled lizards
  34 kobolds
  17 rats
689 creatures vanquished.

Vanquished Creatures (others)
  A kobold brigand (D:9)
  An orc (D:9)
2 creatures vanquished.

Grand Total: 691 creatures vanquished

Notes
Turn   | Place    | Note
-------+----------+-------------------------------------------
     0 | D:1      | qw the Gargoyle Fighter began the quest for the Orb.
     0 | D:1      | Reached XP level 1. HP: 14/14 MP: 1/1
     0 | D:1      | 0 ||| qw: Version: 0.2-a-29-g1fa15c8
     0 | D:1      | 0 ||| qw: Game counter: 4885
     0 | D:1      | 0 ||| qw: Always use a shield: true
     0 | D:1      | 0 ||| qw: God list: Okawaru
     0 | D:1      | 0 ||| qw: Allow faded altars: false
     0 | D:1      | 0 ||| qw: Do Orc after D:15 true
     0 | D:1      | 0 ||| qw: Do second Lair branch before Depths: true
     0 | D:1      | 0 ||| qw: Lair rune preference: random
     0 | D:1      | 0 ||| qw: Plans: Normal, Zot:1-4, Slime:5, God:TSO, Crypt,
                  | Tomb, Abyss, Pan, Hells, Win
     0 | D:1      | 0 ||| PLANNING D:1-11
    54 | D:1      | Reached skill level 2 in Axes
   104 | D:1      | Reached XP level 2. HP: 19/19 MP: 2/2
   265 | D:1      | Found Xyrrilyg's Weapon Emporium.
   275 | D:1      | 275 ||| BUYING +0 mace (42 gold).
   275 | D:1      | Bought a +0 mace for 42 gold pieces
   369 | D:1      | 369 ||| Stepping ~*~*~tactically~*~*~ (stealth).
   371 | D:1      | 371 ||| Stepping ~*~*~tactically~*~*~ (stealth).
   373 | D:1      | 373 ||| Stepping ~*~*~tactically~*~*~ (hiding).
   480 | D:1      | 480 ||| Stepping ~*~*~tactically~*~*~ (hiding).
   484 | D:1      | Reached skill level 3 in Axes
   484 | D:1      | 484 ||| Stepping ~*~*~tactically~*~*~ (hiding).
   490 | D:1      | Reached XP level 3. HP: 23/23 MP: 3/3
  1013 | D:1      | 1013 ||| UPGRADING to amulet of regeneration.
  1018 | D:1      | 1018 ||| UPGRADING to +4 ring of protection.
  1019 | D:1      | 1019 ||| READING scroll labelled DUMPITZ LUAHIRPH.
  1022 | D:1      | 1022 ||| READING scroll labelled LOHATAU AL CAIGUBB.
  1023 | D:1      | 1023 ||| READING scroll labelled SYCENK YHIUSTRE.
  1027 | D:1      | 1027 ||| READING scroll labelled HISMEA OKAU.
  1028 | D:1      | 1028 ||| READING 2 scrolls labelled ACASUG WOILOILEUTI.
  1029 | D:1      | 1029 ||| READING scroll labelled TANAAD NAKAPU.
  1335 | D:2      | Found a faded altar of an unknown god.
  1452 | D:2      | 1452 ||| Stepping ~*~*~tactically~*~*~ (hiding).
  1454 | D:2      | 1454 ||| Stepping ~*~*~tactically~*~*~ (hiding).
  1455 | D:2      | 1455 ||| Stepping ~*~*~tactically~*~*~ (hiding).
  1456 | D:2      | 1456 ||| Stepping ~*~*~tactically~*~*~ (hiding).
  1579 | D:2      | 1579 ||| READING scroll of enchant weapon.
  1579 | D:2      | 1579 ||| ENCHANTING +1 war axe.
  1913 | D:2      | Reached XP level 4. HP: 28/28 MP: 4/4
  1936 | D:2      | 1936 ||| UPGRADING to +6 ring of strength.
  1937 | D:2      | 1937 ||| READING scroll labelled FAUCWEYNUV.
  1938 | D:2      | 1938 ||| READING 2 scrolls labelled USCHUL FOIVU.
  1939 | D:2      | 1939 ||| READING scroll labelled DEMNEBYSOCS.
  1939 | D:2      | Identified a scroll of acquirement
  1939 | D:2      | 1939 ||| ACQUIRING amulet of Ynlaisho {Acrobat rC++ rCorr}
  1939 | D:2      | Acquired the amulet of Ynlaisho {Acrobat rC++ rCorr}
  1941 | D:2      | 1941 ||| UPGRADING to amulet of Ynlaisho {Acrobat rC++
                  | rCorr}.
  1951 | D:2      | 1951 ||| DROPPING scroll of fear.
  1970 | D:3      | 1970 ||| STAIRDANCE
  1974 | D:2      | Reached skill level 4 in Axes
  2034 | D:3      | 2034 ||| Stepping ~*~*~tactically~*~*~ (stealth).
  2089 | D:3      | Reached XP level 5. HP: 32/32 MP: 5/5
  2114 | D:3      | Found a white marble altar of Elyvilon.
  2122 | D:3      | Found a hide-covered altar of Uskayaw.
  2133 | D:3      | 2133 ||| Stepping ~*~*~tactically~*~*~ (hiding).
  2216 | D:3      | 2216 ||| Stepping ~*~*~tactically~*~*~ (hiding).
  2265 | D:3      | Found a bloodstained altar of Trog.
  2266 | D:3      | Found a burning altar of Makhleb.
  2389 | D:3      | Found a glowing golden altar of the Shining One.
  2532 | D:3      | 2532 ||| UPGRADING to amulet of faith.
  2542 | D:3      | 2542 ||| DROPPING ring of wizardry.
  2543 | D:3      | 2543 ||| DROPPING ring of flight.
  2615 | D:4      | 2615 ||| Stepping ~*~*~tactically~*~*~ (stealth).
  2615 | D:4      | Noticed a phantom
  2617 | D:4      | 2617 ||| Stepping ~*~*~tactically~*~*~ (stealth).
  2618 | D:4      | 2618 ||| Stepping ~*~*~tactically~*~*~ (stealth).
  2623 | D:4      | Killed a phantom
  2624 | D:4      | Reached XP level 6. HP: 33/37 MP: 6/6
  2628 | D:4      | Reached skill level 5 in Axes
  2678 | D:4      | 2678 ||| DROPPING +0 mace.
  2689 | D:4      | Reached skill level 1 in Dodging
  2737 | D:4      | 2737 ||| STAIRDANCE
  2747 | D:3      | 2747 ||| READING scroll of acquirement.
  2747 | D:3      | 2747 ||| ACQUIRING +0 cloak of preservation
  2747 | D:3      | Acquired a +0 cloak of preservation
  2749 | D:3      | 2749 ||| UPGRADING to +0 cloak of preservation.
  2792 | D:4      | 2792 ||| Stepping ~*~*~tactically~*~*~ (hiding).
  2793 | D:4      | 2793 ||| Stepping ~*~*~tactically~*~*~ (stealth).
  2880 | D:4      | 2880 ||| UPGRADING to +0 broad axe.
  2881 | D:4      | 2881 ||| DROPPING +2 war axe.
  2965 | D:4      | 2965 ||| Stepping ~*~*~tactically~*~*~ (hiding).
  2969 | D:4      | Noticed Duvessa
  2973 | D:4      | Noticed Dowan
  2985 | D:4      | Killed Duvessa
  2986 | D:4      | Reached XP level 7. HP: 34/43 MP: 7/7
  2991 | D:4      | Killed Dowan
  3070 | D:4      | 3070 ||| READING scroll of enchant weapon.
  3070 | D:4      | 3070 ||| ENCHANTING +0 broad axe.
  3074 | D:4      | 3074 ||| Stepping ~*~*~tactically~*~*~ (stealth).
  3077 | D:4      | 3077 ||| Stepping ~*~*~tactically~*~*~ (stealth).
  3136 | D:4      | Reached skill level 6 in Axes
  3136 | D:4      | 3136 ||| Stepping ~*~*~tactically~*~*~ (stealth).
  3210 | D:4      | Noticed Ijyb
  3220 | D:4      | Killed Ijyb
  3458 | D:4      | Found a shimmering blue altar of Sif Muna.
  3531 | D:4      | Found an ancient bone altar of Kikubaaqudgha.
  3545 | D:4      | Found a radiant altar of Vehumet.
  3716 | D:4      | Noticed Pikel
  3717 | D:4      | 3717 ||| Stepping ~*~*~tactically~*~*~ (stealth).
  3730 | D:4      | Killed Pikel
  3731 | D:4      | Reached skill level 8 in Axes
  3731 | D:4      | Reached XP level 8. HP: 33/48 MP: 8/8
  3790 | D:4      | Found an ornate altar of the Wu Jian Council.
  4017 | D:4      | 4017 ||| UPGRADING to +0 chain mail.
  4027 | D:4      | 4027 ||| DROPPING +0 scale mail.
  4028 | D:4      | 4028 ||| READING scroll labelled DAZ VAR FIFABRIFA.
  4069 | D:5      | Entered Level 5 of the Dungeon
  4595 | D:5      | Reached skill level 6 in Fighting
  4735 | D:5      | 4735 ||| Stepping ~*~*~tactically~*~*~ (hiding).
  4737 | D:5      | 4737 ||| Stepping ~*~*~tactically~*~*~ (hiding).
  5109 | D:5      | 5109 ||| READING 2 scrolls labelled KUTOKHLOJIE.
  5110 | D:5      | 5110 ||| DRINKING 2 emerald potions.
  5111 | D:5      | 5111 ||| DROPPING scroll of immolation.
  5172 | D:6      | 5172 ||| Stepping ~*~*~tactically~*~*~ (hiding).
  5199 | D:6      | Reached XP level 9. HP: 55/55 MP: 9/9
  5217 | D:6      | Noticed Menkaure
  5218 | D:6      | 5218 ||| Stepping ~*~*~tactically~*~*~ (hiding).
  5227 | D:6      | Killed Menkaure
  5228 | D:6      | Reached skill level 9 in Axes
  5428 | D:6      | 5428 ||| Stepping ~*~*~tactically~*~*~ (stealth).
  5429 | D:6      | 5429 ||| Stepping ~*~*~tactically~*~*~ (stealth).
  5479 | D:6      | Found a stormy altar of Qazlal.
  5652 | D:6      | HP: 2/56 [wight/+0 great sword (13)]
  5986 | D:6      | Noticed Prince Ribbit
  5990 | D:6      | 5990 ||| STAIRDANCE
  5990 | D:6      | Noticed Blork the orc
  6008 | D:5      | 6008 ||| READING 3 scrolls of identify.
  6008 | D:5      | 6008 ||| IDENTIFYING metallic ruby potion
  6009 | D:5      | 6009 ||| READING 2 scrolls of identify.
  6009 | D:5      | 6009 ||| IDENTIFYING cyan potion
  6012 | D:6      | 6012 ||| STAIRDANCE
  6051 | D:6      | 6051 ||| STAIRDANCE
  6056 | D:5      | Killed Blork the orc
  6082 | D:6      | 6082 ||| STAIRDANCE
  6117 | D:5      | Killed Prince Ribbit
  6159 | D:6      | Noticed Grinder
  6159 | D:6      | Paralysed by Grinder for 3 turns
  6167 | D:6      | Paralysed by Grinder for 4 turns
  6172 | D:6      | Killed Grinder
  6173 | D:6      | Reached skill level 10 in Axes
  6277 | D:6      | Found a sacrificial altar of Ru.
  6423 | D:6      | Found a staircase to the Ecumenical Temple.
  6424 | D:6      | 6424 ||| PLANNING TEMPLE
  6424 | D:6      | 6424 ||| DRINKING 2 puce potions.
  6460 | Temple   | Entered the Ecumenical Temple
  6465 | Temple   | 6465 ||| PLANNING OKAWARU WORSHIP
  6476 | Temple   | Became a worshipper of Warmaster Okawaru
  6477 | Temple   | 6477 ||| PLANNING D:1-11
  6604 | D:7      | Reached XP level 10. HP: 59/64 MP: 10/10
  6680 | D:7      | 6680 ||| Stepping ~*~*~tactically~*~*~ (stealth).
  6711 | D:7      | Found a hazy altar of Hepliaklqana.
  6778 | D:7      | Identified the +12 mace "Webe" {speed, *Rage Int+3 SInv}
  6937 | D:7      | Found Lacsaif's Magic Scroll Boutique.
  6946 | D:7      | 6946 ||| BUYING scroll of identify (30 gold).
  6946 | D:7      | Bought a scroll of identify for 30 gold pieces
  6946 | D:7      | 6946 ||| BUYING scroll of identify (30 gold).
  6946 | D:7      | Bought a scroll of identify for 30 gold pieces
  6946 | D:7      | 6946 ||| BUYING scroll of teleportation (45 gold).
  6946 | D:7      | Bought a scroll of teleportation for 45 gold pieces
  6946 | D:7      | 6946 ||| BUYING scroll of teleportation (45 gold).
  6946 | D:7      | Bought a scroll of teleportation for 45 gold pieces
  7024 | D:7      | 7024 ||| FLEEEEING.
  7025 | D:7      | 7025 ||| FLEEEEING.
  7026 | D:7      | 7026 ||| FLEEEEING.
  7027 | D:7      | 7027 ||| FLEEEEING.
  7028 | D:7      | 7028 ||| FLEEEEING.
  7029 | D:7      | 7029 ||| FLEEEEING.
  7030 | D:7      | 7030 ||| FLEEEEING.
  7031 | D:7      | 7031 ||| FLEEEEING.
  7032 | D:7      | 7032 ||| FLEEEEING.
  7035 | D:7      | 7035 ||| FLEEEEING.
  7038 | D:7      | 7038 ||| FLEEEEING.
  7040 | D:7      | 7040 ||| FLEEEEING.
  7041 | D:7      | 7041 ||| FLEEEEING.
  7042 | D:7      | 7042 ||| FLEEEEING.
  7043 | D:7      | 7043 ||| FLEEEEING.
  7044 | D:7      | 7044 ||| FLEEEEING.
  7045 | D:7      | 7045 ||| FLEEEEING.
  7046 | D:7      | 7046 ||| FLEEEEING.
  7047 | D:7      | 7047 ||| FLEEEEING.
  7048 | D:7      | 7048 ||| FLEEEEING.
  7049 | D:7      | 7049 ||| FLEEEEING.
  7050 | D:7      | 7050 ||| FLEEEEING.
  7051 | D:7      | 7051 ||| FLEEEEING.
  7052 | D:7      | 7052 ||| FLEEEEING.
  7053 | D:7      | 7053 ||| FLEEEEING.
  7054 | D:7      | 7054 ||| FLEEEEING.
  7055 | D:7      | 7055 ||| FLEEEEING.
  7056 | D:7      | 7056 ||| FLEEEEING.
  7057 | D:7      | 7057 ||| FLEEEEING.
  7058 | D:7      | 7058 ||| FLEEEEING.
  7059 | D:7      | 7059 ||| FLEEEEING.
  7060 | D:7      | 7060 ||| FLEEEEING.
  7061 | D:7      | 7061 ||| FLEEEEING.
  7067 | D:7      | Reached * piety under Okawaru
  7113 | D:7      | Reached skill level 1 in Invocations
  7219 | D:7      | 7219 ||| Stepping ~*~*~tactically~*~*~ (hiding).
  7221 | D:7      | 7221 ||| Stepping ~*~*~tactically~*~*~ (hiding).
  7363 | D:7      | 7363 ||| Stepping ~*~*~tactically~*~*~ (stealth).
  7517 | D:7      | 7517 ||| Stepping ~*~*~tactically~*~*~ (hiding).
  7632 | D:7      | 7632 ||| INVOKING Heroism.
  7651 | D:7      | Reached skill level 3 in Invocations
  7651 | D:7      | 7651 ||| INVOKING Heroism.
  7761 | D:7      | 7761 ||| INVOKING Heroism.
  7889 | D:7      | 7889 ||| UPGRADING to +0 helmet.
  7894 | D:7      | 7894 ||| UPGRADING to +0 kite shield of reflection.
  7904 | D:7      | 7904 ||| DROPPING +0 buckler.
  7905 | D:7      | 7905 ||| READING scroll labelled WIKOEV KETY ONO.
  7906 | D:7      | 7906 ||| DRINKING 2 smoky orange potions.
  7907 | D:7      | 7907 ||| DRINKING 2 green potions.
  7908 | D:7      | 7908 ||| READING 3 scrolls of identify.
  7908 | D:7      | 7908 ||| IDENTIFYING fizzy green potion
  7909 | D:7      | 7909 ||| READING 2 scrolls of identify.
  7909 | D:7      | 7909 ||| IDENTIFYING red potion
  7910 | D:7      | 7910 ||| DROPPING potion of enlightenment.
  7947 | D:8      | 7947 ||| INVOKING Heroism.
  7969 | D:8      | 7969 ||| INVOKING Heroism.
  7978 | D:8      | 7978 ||| Stepping ~*~*~tactically~*~*~ (stealth).
  7979 | D:8      | 7979 ||| Stepping ~*~*~tactically~*~*~ (stealth).
  8001 | D:8      | 8001 ||| INVOKING Heroism.
  8135 | D:8      | Noticed a gargoyle
  8143 | D:8      | 8143 ||| INVOKING Heroism.
  8149 | D:8      | Killed a gargoyle
  8150 | D:8      | Reached skill level 6 in Shields
  8250 | D:8      | 8250 ||| Stepping ~*~*~tactically~*~*~ (hiding).
  8251 | D:8      | 8251 ||| Stepping ~*~*~tactically~*~*~ (hiding).
  8333 | D:8      | 8333 ||| INVOKING Heroism.
  8349 | D:8      | 8349 ||| Stepping ~*~*~tactically~*~*~ (stealth).
  8423 | D:8      | Reached ** piety under Okawaru
  8443 | D:8      | Found an opulent altar of Gozag.
  8526 | D:8      | Found a sparkling altar of Nemelex Xobeh.
  8527 | D:8      | 8527 ||| Stepping ~*~*~tactically~*~*~ (hiding).
  8529 | D:8      | 8529 ||| Stepping ~*~*~tactically~*~*~ (hiding).
  8530 | D:8      | 8530 ||| Stepping ~*~*~tactically~*~*~ (hiding).
  8722 | D:8      | Reached XP level 11. HP: 50/68 MP: 14/14
  8729 | D:8      | Reached skill level 9 in Shields
  8737 | D:8      | 8737 ||| INVOKING Heroism.
  8740 | D:8      | Reached skill level 3 in Throwing
  8918 | D:8      | 8918 ||| Stepping ~*~*~tactically~*~*~ (hiding).
  9086 | D:8      | 9086 ||| READING scroll labelled LIEMEL DIANEDGH.
  9087 | D:8      | 9087 ||| READING scroll labelled ERCHATE PIHONN.
  9088 | D:8      | 9088 ||| READING 2 scrolls of identify.
  9088 | D:8      | 9088 ||| IDENTIFYING smoky dark potion
  9089 | D:8      | 9089 ||| DROPPING potion of brilliance.
  9305 | D:9      | Identified the +6 broad axe of the Fray {freeze, rF+}
  9307 | D:9      | 9307 ||| UPGRADING to +6 broad axe of the Fray {freeze,
                  | rF+}.
  9425 | D:9      | Found a staircase to the Orcish Mines.
  9426 | D:9      | 9426 ||| INVOKING Heroism.
  9433 | D:9      | Reached skill level 11 in Axes
  9437 | D:9      | Reached *** piety under Okawaru
  9442 | D:9      | 9442 ||| INVOKING Heroism.
  9445 | D:9      | HP: 9/68 [ogre/+0 giant club (20)]
  9446 | D:9      | 9446 ||| READING 3 scrolls of teleportation.
  9447 | D:9      | 9447 ||| DRINKING potion of heal wounds.
  9621 | D:9      | Found a shimmering altar of Xom.
  9639 | D:9      | 9639 ||| INVOKING Heroism.
  9663 | D:9      | Reached skill level 6 in Armour
  9667 | D:9      | 9667 ||| INVOKING Heroism.
  9715 | D:9      | Found a staircase to the Lair.
  9723 | D:9      | 9723 ||| INVOKING Heroism.
  9728 | D:9      | 9728 ||| Stepping ~*~*~tactically~*~*~ (water).
  9863 | D:9      | 9863 ||| Stepping ~*~*~tactically~*~*~ (hiding).
 10150 | D:9      | 10150 ||| Stepping ~*~*~tactically~*~*~ (hiding).
 10153 | D:9      | 10153 ||| Stepping ~*~*~tactically~*~*~ (hiding).
 10176 | D:9      | 10176 ||| Stepping ~*~*~tactically~*~*~ (stealth).
 10177 | D:9      | 10177 ||| Stepping ~*~*~tactically~*~*~ (stealth).
 10182 | D:9      | 10182 ||| Stepping ~*~*~tactically~*~*~ (stealth).
 10184 | D:9      | 10184 ||| Stepping ~*~*~tactically~*~*~ (stealth).
 10195 | D:9      | 10195 ||| Stepping ~*~*~tactically~*~*~ (stealth).
 10212 | D:9      | 10212 ||| PLANNING LAIR
 10212 | D:9      | 10212 ||| UPGRADING to +0 plate armour.
 10222 | D:9      | 10222 ||| DROPPING +0 chain mail.
 10223 | D:9      | 10223 ||| READING scroll labelled YRHOT NO BULIP.
 10224 | D:9      | 10224 ||| READING 2 scrolls of identify.
 10224 | D:9      | 10224 ||| IDENTIFYING yellow potion
 10270 | Lair:1   | Entered Level 1 of the Lair of Beasts
 10271 | Lair:1   | 10271 ||| INVOKING Heroism.
 10373 | Lair:1   | 10373 ||| INVOKING Heroism.
 10665 | Lair:1   | Noticed Urug
 10666 | Lair:1   | 10666 ||| Stepping ~*~*~tactically~*~*~ (stealth).
 10668 | Lair:1   | 10668 ||| Stepping ~*~*~tactically~*~*~ (hiding).
 10671 | Lair:1   | 10671 ||| INVOKING Heroism.
 10683 | Lair:1   | Killed Urug
 10683 | Lair:1   | Reached **** piety under Okawaru
 10684 | Lair:1   | Reached skill level 9 in Fighting
 10765 | Lair:1   | 10765 ||| Stepping ~*~*~tactically~*~*~ (stealth).
 10766 | Lair:1   | 10766 ||| Stepping ~*~*~tactically~*~*~ (stealth).
 10775 | Lair:1   | Received a gift from Okawaru
 10793 | Lair:1   | 10793 ||| Stepping ~*~*~tactically~*~*~ (stealth).
 10794 | Lair:1   | 10794 ||| Stepping ~*~*~tactically~*~*~ (stealth).
 10797 | Lair:1   | 10797 ||| Stepping ~*~*~tactically~*~*~ (stealth).
 10803 | Lair:1   | Noticed a death yak
 10804 | Lair:1   | 10804 ||| Stepping ~*~*~tactically~*~*~ (stealth).
 10805 | Lair:1   | Noticed a death yak
 10806 | Lair:1   | 10806 ||| Stepping ~*~*~tactically~*~*~ (stealth).
 10807 | Lair:1   | Noticed a death yak
 10808 | Lair:1   | 10808 ||| INVOKING Heroism.
 10808 | Lair:1   | Noticed a death yak
 10815 | Lair:1   | Killed a death yak
 10824 | Lair:1   | 10824 ||| INVOKING Heroism.
 10826 | Lair:1   | Killed a death yak
 10826 | Lair:1   | Received a gift from Okawaru
 10827 | Lair:1   | Reached XP level 12. HP: 31/76 MP: 12/16
 10827 | Lair:1   | Killed a death yak
 10828 | Lair:1   | Reached skill level 6 in Invocations
 10828 | Lair:1   | Killed a death yak
 10828 | Lair:1   | Reached ***** piety under Okawaru
 11009 | Lair:1   | 11009 ||| INVOKING Heroism.
 11011 | Lair:1   | Noticed Grum
 11025 | Lair:1   | 11025 ||| INVOKING Finesse.
 11030 | Lair:1   | Killed Grum
 11233 | Lair:1   | 11233 ||| Stepping ~*~*~tactically~*~*~ (stealth).
 11235 | Lair:1   | 11235 ||| Stepping ~*~*~tactically~*~*~ (stealth).
 11240 | Lair:1   | 11240 ||| INVOKING Heroism.
 11246 | Lair:1   | 11246 ||| Stepping ~*~*~tactically~*~*~ (stealth).
 11249 | Lair:1   | Received a gift from Okawaru
 11271 | Lair:1   | 11271 ||| Stepping ~*~*~tactically~*~*~ (stealth).
 11274 | Lair:1   | 11274 ||| Stepping ~*~*~tactically~*~*~ (stealth).
 11280 | Lair:1   | 11280 ||| Stepping ~*~*~tactically~*~*~ (stealth).
 11284 | Lair:1   | 11284 ||| Stepping ~*~*~tactically~*~*~ (stealth).
 11288 | Lair:1   | 11288 ||| Stepping ~*~*~tactically~*~*~ (stealth).
 11313 | Lair:1   | 11313 ||| Stepping ~*~*~tactically~*~*~ (stealth).
 11403 | Lair:1   | 11403 ||| Stepping ~*~*~tactically~*~*~ (stealth).
 11406 | Lair:1   | 11406 ||| INVOKING Heroism.
 11657 | Lair:1   | 11657 ||| DROPPING +6 ring of dexterity.
 11704 | Lair:2   | 11704 ||| Stepping ~*~*~tactically~*~*~ (stealth).
 11708 | Lair:2   | 11708 ||| Stepping ~*~*~tactically~*~*~ (stealth).
 11830 | Lair:2   | 11830 ||| INVOKING Heroism.
 11951 | Lair:2   | 11951 ||| INVOKING Heroism.
 11957 | Lair:2   | Reached skill level 12 in Axes
 12064 | Lair:2   | 12064 ||| INVOKING Heroism.
 12170 | Lair:2   | Reached skill level 9 in Invocations
 12326 | Lair:2   | 12326 ||| INVOKING Heroism.
 12330 | Lair:2   | Received a gift from Okawaru
 12363 | Lair:2   | 12363 ||| INVOKING Heroism.
 12568 | Lair:2   | 12568 ||| Stepping ~*~*~tactically~*~*~ (stealth).
 12582 | Lair:2   | Reached XP level 13. HP: 82/82 MP: 20/20
 12895 | Lair:3   | Found a staircase to the Snake Pit.
 12907 | Lair:3   | 12907 ||| Stepping ~*~*~tactically~*~*~ (stealth).
 12977 | Lair:3   | 12977 ||| INVOKING Heroism.
 13018 | Lair:3   | Reached ****** piety under Okawaru
 13019 | Lair:3   | Received a gift from Okawaru
 13146 | Lair:3   | You fall into a shaft and drop 2 floors!
 13146 | Lair:5   | Entered Level 5 of the Lair of Beasts
 13147 | Lair:5   | 13147 ||| INVOKING Heroism.
 13195 | Lair:5   | 13195 ||| Stepping ~*~*~tactically~*~*~ (stealth).
 13266 | Lair:5   | 13266 ||| Stepping ~*~*~tactically~*~*~ (stealth).
 13267 | Lair:5   | 13267 ||| Stepping ~*~*~tactically~*~*~ (stealth).
 13278 | Lair:5   | Reached skill level 13 in Axes
 13284 | Lair:5   | 13284 ||| Stepping ~*~*~tactically~*~*~ (hiding).
 13285 | Lair:5   | 13285 ||| Stepping ~*~*~tactically~*~*~ (hiding).
 13286 | Lair:5   | 13286 ||| INVOKING Heroism.
 13313 | Lair:5   | 13313 ||| Stepping ~*~*~tactically~*~*~ (water).
 13330 | Lair:5   | 13330 ||| Stepping ~*~*~tactically~*~*~ (hiding).
 13331 | Lair:5   | 13331 ||| Stepping ~*~*~tactically~*~*~ (hiding).
 13459 | Lair:5   | 13459 ||| Stepping ~*~*~tactically~*~*~ (stealth).
 13597 | Lair:5   | 13597 ||| INVOKING Heroism.
 13707 | Lair:5   | 13707 ||| Stepping ~*~*~tactically~*~*~ (stealth).
 13709 | Lair:5   | 13709 ||| Stepping ~*~*~tactically~*~*~ (stealth).
 13727 | Lair:5   | Found a staircase to the Slime Pits.
 13728 | Lair:5   | Found a viscous altar of Jiyva.
 13767 | Lair:5   | 13767 ||| Stepping ~*~*~tactically~*~*~ (stealth).
 13768 | Lair:5   | 13768 ||| Stepping ~*~*~tactically~*~*~ (stealth).
 13776 | Lair:5   | Received a gift from Okawaru
 13783 | Lair:5   | Reached skill level 9 in Armour
 13788 | Lair:5   | 13788 ||| INVOKING Heroism.
 13790 | Lair:5   | Identified the +4 executioner's axe of Mayhem {freeze,
                  | Dex+3} (Okawaru gifted it to you on level 5 of the Lair of
                  | Beasts)
 13790 | Lair:5   | Received a gift from Okawaru
 13936 | Lair:5   | 13936 ||| Stepping ~*~*~tactically~*~*~ (stealth).
 13946 | Lair:5   | 13946 ||| INVOKING Heroism.
 13947 | Lair:5   | 13947 ||| INVOKING Finesse.
 13993 | Lair:5   | 13993 ||| Stepping ~*~*~tactically~*~*~ (stealth).
 13995 | Lair:5   | 13995 ||| Stepping ~*~*~tactically~*~*~ (hiding).
 13996 | Lair:5   | 13996 ||| Stepping ~*~*~tactically~*~*~ (hiding).
 14036 | Lair:5   | 14036 ||| Stepping ~*~*~tactically~*~*~ (stealth).
 14039 | Lair:5   | 14039 ||| Stepping ~*~*~tactically~*~*~ (stealth).
 14054 | Lair:5   | 14054 ||| Stepping ~*~*~tactically~*~*~ (hiding).
 14130 | Lair:5   | 14130 ||| Stepping ~*~*~tactically~*~*~ (stealth).
 14131 | Lair:5   | 14131 ||| Stepping ~*~*~tactically~*~*~ (stealth).
 14132 | Lair:5   | 14132 ||| Stepping ~*~*~tactically~*~*~ (stealth).
 14133 | Lair:5   | 14133 ||| Stepping ~*~*~tactically~*~*~ (stealth).
 14144 | Lair:4   | 14144 ||| Stepping ~*~*~tactically~*~*~ (hiding).
 14145 | Lair:4   | 14145 ||| Stepping ~*~*~tactically~*~*~ (hiding).
 14146 | Lair:4   | 14146 ||| Stepping ~*~*~tactically~*~*~ (hiding).
 14147 | Lair:4   | 14147 ||| Stepping ~*~*~tactically~*~*~ (hiding).
 14207 | Lair:4   | 14207 ||| Stepping ~*~*~tactically~*~*~ (stealth).
 14213 | Lair:4   | 14213 ||| Stepping ~*~*~tactically~*~*~ (stealth).
 14235 | Lair:4   | 14235 ||| Stepping ~*~*~tactically~*~*~ (stealth).
 14373 | Lair:4   | 14373 ||| Stepping ~*~*~tactically~*~*~ (stealth).
 14375 | Lair:4   | 14375 ||| INVOKING Heroism.
 14376 | Lair:4   | 14376 ||| Stepping ~*~*~tactically~*~*~ (stealth).
 14399 | Lair:4   | Reached skill level 14 in Axes
 14467 | Lair:4   | 14467 ||| INVOKING Heroism.
 14471 | Lair:4   | 14471 ||| Stepping ~*~*~tactically~*~*~ (stealth).
 14485 | Lair:4   | 14485 ||| Stepping ~*~*~tactically~*~*~ (stealth).
 14488 | Lair:4   | 14488 ||| Stepping ~*~*~tactically~*~*~ (stealth).
 14509 | Lair:4   | Gained mutation: Your large and strong wings let you fly.
                  | [Gargoyle growth]
 14509 | Lair:4   | Reached XP level 14. HP: 70/88 MP: 21/21
 14509 | Lair:4   | 14509 ||| Stepping ~*~*~tactically~*~*~ (stealth).
 14516 | Lair:4   | 14516 ||| INVOKING Heroism.
 14765 | Lair:3   | Found a staircase to the Swamp.
 14809 | Lair:3   | Noticed Gastronok
 14821 | Lair:3   | Killed Gastronok
 15143 | Lair:3   | 15143 ||| INVOKING Heroism.
 15144 | Lair:3   | 15144 ||| INVOKING Finesse.
 15150 | Lair:3   | 15150 ||| SWAPPING to +0 morningstar.
 15154 | Lair:3   | 15154 ||| UPGRADING to +6 broad axe of the Fray {freeze,
                  | rF+}.
 15329 | Lair:3   | 15329 ||| DRINKING 2 murky grey potions.
 15434 | Lair:3   | 15434 ||| DROPPING potion of berserk rage.
 15602 | Lair:4   | Found a sparkling altar of Nemelex Xobeh.
 15622 | Lair:4   | Received a gift from Okawaru
 15955 | Lair:4   | 15955 ||| UPGRADING to +0 pair of gloves.
 15973 | Lair:5   | 15973 ||| INVOKING Heroism.
 15974 | Lair:5   | 15974 ||| SWAPPING to +0 morningstar.
 15975 | Lair:5   | 15975 ||| INVOKING Finesse.
 16119 | Lair:5   | 16119 ||| UPGRADING to +6 broad axe of the Fray {freeze,
                  | rF+}.
 16317 | Lair:5   | Reached skill level 12 in Shields
 16473 | Lair:5   | 16473 ||| Stepping ~*~*~tactically~*~*~ (stealth).
 16476 | Lair:5   | 16476 ||| Stepping ~*~*~tactically~*~*~ (stealth).
 16588 | Lair:5   | Received a gift from Okawaru
 16675 | Lair:5   | 16675 ||| INVOKING Heroism.
 16680 | Lair:5   | Received a gift from Okawaru
 16688 | Lair:5   | 16688 ||| Stepping ~*~*~tactically~*~*~ (stealth).
 16689 | Lair:5   | 16689 ||| Stepping ~*~*~tactically~*~*~ (stealth).
 16878 | Lair:5   | 16878 ||| Stepping ~*~*~tactically~*~*~ (stealth).
 17011 | Lair:5   | 17011 ||| INVOKING Heroism.
 17012 | Lair:5   | 17012 ||| INVOKING Finesse.
 17020 | Lair:5   | Reached skill level 15 in Axes
 17270 | Lair:5   | 17270 ||| PLANNING D:1-11
 17270 | Lair:5   | 17270 ||| DROPPING ring of fire.
 17271 | Lair:5   | 17271 ||| UPGRADING to +5 ring of evasion.
 17273 | Lair:5   | 17273 ||| DROPPING +4 ring of protection.
 17274 | Lair:5   | 17274 ||| READING 2 scrolls of identify.
 17274 | Lair:5   | 17274 ||| IDENTIFYING lumpy inky potion
 17275 | Lair:5   | 17275 ||| DROPPING potion of ambrosia.
 17389 | D:10     | Entered Level 10 of the Dungeon
 17477 | D:10     | 17477 ||| Stepping ~*~*~tactically~*~*~ (stealth).
 17494 | D:10     | 17494 ||| Stepping ~*~*~tactically~*~*~ (stealth).
 17537 | D:10     | Noticed Nergalle
 17545 | D:10     | Killed Nergalle
 17767 | D:10     | Identified the +0 pair of gloves of the Tarantula {Str+5}
                  | (Okawaru gifted it to you on level 10 of the Dungeon)
 17767 | D:10     | Received a gift from Okawaru
 17923 | D:10     | Found a broken altar of Ashenzari.
 18074 | D:10     | 18074 ||| UPGRADING to +0 pair of gloves of the Tarantula
                  | {Str+5}.
 18084 | D:10     | 18084 ||| DROPPING +0 pair of gloves.
 18085 | D:10     | 18085 ||| READING 3 scrolls of identify.
 18085 | D:10     | 18085 ||| IDENTIFYING lumpy brown potion
 18089 | D:11     | 18089 ||| INVOKING Heroism.
 18090 | D:11     | 18090 ||| INVOKING Finesse.
 18100 | D:11     | 18100 ||| SWAPPING to +0 morningstar.
 18113 | D:11     | Reached skill level 3 in Dodging
 18187 | D:11     | 18187 ||| UPGRADING to +6 broad axe of the Fray {freeze,
                  | rF+}.
 18424 | D:11     | Reached XP level 15. HP: 81/96 MP: 22/22
 18516 | D:11     | 18516 ||| FLEEEEING.
 18517 | D:11     | 18517 ||| FLEEEEING.
 18518 | D:11     | 18518 ||| FLEEEEING.
 18519 | D:11     | 18519 ||| FLEEEEING.
 18520 | D:11     | 18520 ||| FLEEEEING.
 18521 | D:11     | 18521 ||| FLEEEEING.
 18523 | D:11     | 18523 ||| FLEEEEING.
 18524 | D:11     | 18524 ||| FLEEEEING.
 18525 | D:11     | 18525 ||| FLEEEEING.
 18526 | D:11     | 18526 ||| FLEEEEING.
 18527 | D:11     | 18527 ||| Stepping ~*~*~tactically~*~*~ (hiding).
 18528 | D:11     | 18528 ||| FLEEEEING.
 18529 | D:11     | 18529 ||| Stepping ~*~*~tactically~*~*~ (hiding).
 18530 | D:11     | 18530 ||| FLEEEEING.
 18833 | D:11     | Reached skill level 12 in Fighting
 18956 | D:11     | 18956 ||| INVOKING Heroism.
 19204 | D:11     | Identified the +0 chain mail "Hilastrua" {Dex+7}
 19357 | D:11     | 19357 ||| PLANNING D
 19357 | D:11     | 19357 ||| DROPPING +0 chain mail "Hilastrua" {Dex+7}.
 19405 | D:12     | 19405 ||| Stepping ~*~*~tactically~*~*~ (hiding).
 19412 | D:12     | 19412 ||| Stepping ~*~*~tactically~*~*~ (stealth).
 19419 | D:12     | 19419 ||| Stepping ~*~*~tactically~*~*~ (hiding).
 19421 | D:12     | 19421 ||| Stepping ~*~*~tactically~*~*~ (hiding).
 19574 | D:12     | 19574 ||| INVOKING Heroism.
 19733 | D:12     | 19733 ||| Stepping ~*~*~tactically~*~*~ (stealth).
 19735 | D:12     | 19735 ||| Stepping ~*~*~tactically~*~*~ (stealth).
 19833 | D:12     | 19833 ||| Stepping ~*~*~tactically~*~*~ (hiding).
 19863 | D:12     | Found a frozen archway.
 20184 | D:12     | 20184 ||| READING 3 scrolls of identify.
 20184 | D:12     | 20184 ||| IDENTIFYING grey potion
 20185 | D:12     | 20185 ||| DROPPING potion of degeneration.
 20295 | D:13     | 20295 ||| INVOKING Heroism.
 20337 | D:13     | 20337 ||| Stepping ~*~*~tactically~*~*~ (stealth).
 20339 | D:13     | 20339 ||| Stepping ~*~*~tactically~*~*~ (stealth).
 20347 | D:13     | 20347 ||| Stepping ~*~*~tactically~*~*~ (stealth).
 20516 | D:13     | 20516 ||| Stepping ~*~*~tactically~*~*~ (hiding).
 20518 | D:13     | 20518 ||| Stepping ~*~*~tactically~*~*~ (stealth).
 20530 | D:13     | 20530 ||| INVOKING Heroism.
 20543 | D:13     | Reached skill level 16 in Axes
 20543 | D:13     | Received a gift from Okawaru
 20555 | D:13     | 20555 ||| Stepping ~*~*~tactically~*~*~ (hiding).
 20556 | D:13     | 20556 ||| INVOKING Heroism.
 20766 | D:13     | 20766 ||| Stepping ~*~*~tactically~*~*~ (hiding).
 20773 | D:13     | Received a gift from Okawaru
 20895 | D:13     | Found a gate to the Vaults.
 21599 | D:13     | 21599 ||| Stepping randomly (stuck).
 21634 | D:14     | Noticed Lodul
 21640 | D:14     | Killed Lodul
 21730 | D:14     | 21730 ||| READING 7 scrolls of teleportation.
 21762 | D:14     | 21762 ||| Stepping ~*~*~tactically~*~*~ (stealth).
 21763 | D:14     | 21763 ||| INVOKING Heroism.
 21769 | D:14     | Received a gift from Okawaru
 21793 | D:14     | Paralysed by something for 4 turns
 21798 | D:14     | 21798 ||| INVOKING Heroism.
 21801 | D:14     | Identified the +3 quick blade "Lugiopp Kaef" {vamp, Drain
                  | rF+ Str+2 Int+3} (Okawaru gifted it to you on level 14 of
                  | the Dungeon)
 21801 | D:14     | Received a gift from Okawaru
 21839 | D:14     | 21839 ||| Stepping ~*~*~tactically~*~*~ (stealth).
 21845 | D:14     | 21845 ||| Stepping ~*~*~tactically~*~*~ (stealth).
 21856 | D:14     | 21856 ||| Stepping ~*~*~tactically~*~*~ (stealth).
 21857 | D:14     | 21857 ||| Stepping ~*~*~tactically~*~*~ (stealth).
 21860 | D:14     | 21860 ||| Stepping ~*~*~tactically~*~*~ (stealth).
 21924 | D:14     | 21924 ||| Stepping ~*~*~tactically~*~*~ (stealth).
 21925 | D:14     | 21925 ||| Stepping ~*~*~tactically~*~*~ (stealth).
 21928 | D:14     | 21928 ||| INVOKING Heroism.
 21931 | D:14     | HP: 24/96 [centaur warrior/arrow (9)]
 21932 | D:14     | 21932 ||| READING 6 scrolls of teleportation.
 21933 | D:14     | 21933 ||| DRINKING potion of heal wounds.
 22009 | D:14     | 22009 ||| Stepping ~*~*~tactically~*~*~ (stealth).
 22025 | D:14     | 22025 ||| Stepping ~*~*~tactically~*~*~ (stealth).
 22112 | D:14     | 22112 ||| Stepping ~*~*~tactically~*~*~ (hiding).
 22113 | D:14     | 22113 ||| Stepping ~*~*~tactically~*~*~ (hiding).
 22114 | D:14     | 22114 ||| INVOKING Heroism.
 22145 | D:14     | 22145 ||| Stepping ~*~*~tactically~*~*~ (stealth).
 22149 | D:14     | 22149 ||| Stepping ~*~*~tactically~*~*~ (stealth).
 22155 | D:14     | 22155 ||| Stepping ~*~*~tactically~*~*~ (stealth).
 22156 | D:14     | 22156 ||| Stepping ~*~*~tactically~*~*~ (stealth).
 22157 | D:14     | 22157 ||| Stepping ~*~*~tactically~*~*~ (stealth).
 22208 | D:14     | 22208 ||| Stepping ~*~*~tactically~*~*~ (hiding).
 22263 | D:14     | 22263 ||| Stepping ~*~*~tactically~*~*~ (stealth).
 22337 | D:14     | 22337 ||| READING scroll of acquirement.
 22337 | D:14     | 22337 ||| ACQUIRING 869 gold pieces
 22337 | D:14     | Acquired 869 gold pieces
 22431 | D:14     | 22431 ||| Stepping ~*~*~tactically~*~*~ (hiding).
 22573 | D:14     | 22573 ||| Stepping ~*~*~tactically~*~*~ (hiding).
 22580 | D:14     | Reached skill level 17 in Axes
 22660 | D:14     | 22660 ||| INVOKING Heroism.
 22661 | D:14     | HP: 22/96 [centaur warrior (5)]
 22662 | D:14     | 22662 ||| READING 5 scrolls of teleportation.
 22662 | D:14     | Slain by a boulder beetle

Levels and vault maps discovered:
D:1:      minmay_arrival_wavy_path, layout_basic, serial_shops,
          nicolae_shop_bloodbath_and_beyond, hangedman_decor_clover_reticule
D:2:      wander_river, layout_basic, ebering_ecumenical_altar_petrified
D:3:      layout_basic, tso_oasis_becter, eat_drink_and_be_merry_uskayaw,
          elyvilon_altar_5, nicolae_overflow_hidden_temple
D:4:      layout_basic, palyth_temple_overflow_mages, lemuel_crystal_altar,
          minivault_25, serial_park_tiny_2, uniq_duvessa, uniq_pikel, uniq_ijyb
D:5:      layout_gridville
D:6:      layout_basic, mainiacjoe_overflow_concentric_impassable,
          kennysheep_mini, temple_green, serial_demonic, serial_demonic_e,
          serial_demonic_e, serial_demonic_b, serial_demonic_e,
          serial_demonic_f, serial_demonic_d, uniq_prince_ribbit1,
          uniq_menkaure, uniq_blork_the_orc, uniq_grinder
D:7:      kennysheep_housing_project, layout_loops_ring,
          mainiacjoe_overflow_surrounded_room, serial_shops,
          nicolae_shop_tiny_statue_garden, grunt_decor_clamped, eino_jars
D:8:      layout_loops_ring, nemelex_xobeh_ov_fountains_minmay,
          grunt_gozag_breadcrumbs
D:9:      layout_loops_cross, led_xom_imps, erik_lair_island,
          kennysheep_orc_monster_closet_entryway
D:10:     layout_loops_ring, lemuel_doored_altar, uniq_nergalle
D:11:     layout_stronghold, serial_undead, serial_undead_b, serial_undead_e,
          serial_undead_f, serial_undead_a
D:12:     layout_basic, portal_ice_cave_entry_pillars_1
D:13:     layout_basic, hangedman_vaults_entry_quadrant_bands, library_closet
D:14:     layout_gridville, minmay_splitting_lines, uniq_lodul
Temple:   nicolae_temple_stand_before_the_council
Lair:1:   lemuel_ratsnest, layout_loops_ring, serial_bayou_shore_a, uniq_grum,
          uniq_urug
Lair:2:   layout_regular_city, grunt_megastairs_1
Lair:3:   layout_hall_layers, swamp_mist_pool, minmay_snake_entry_six_corridors,
          grunt_megastairs_4, uniq_gastronok
Lair:4:   layout_gridlike, basic_altar
Lair:5:   hangedman_lair_tendril_chambers, layout_cave_pods,
          guppyfry_lair_end_dragon, minmay_slime_entry_eyes

Skill      XL: |  1  2  3  4  5  6  7  8  9 10 11 12 13 14 15 |
---------------+----------------------------------------------+-----
Axes           | 2 3 4 5 8 10 11 12 14 15 17 | 17.0
Throwing       | 2 3 4 5 |  5.0
Dodging        | 1 2 3 |  3.0
Fighting       | 4 6 8 9 10 11 12 | 12.0
Shields        | 4 8 10 11 12 13 | 13.0
Armour         | 4 5 8 9 10 11 | 11.0
Invocations    | 4 5 9 10 | 10.0

Action                     |  1- 3 |  4- 6 |  7- 9 | 10-12 | 13-15 || total
---------------------------+-------+-------+-------+-------+-------++-------
  Melee: War axe           |    86 |    82 |       |       |       ||   168
         Broad axe         |       |    20 |   305 |   546 |   707 ||  1578
         Morningstar       |       |       |       |       |    63 ||    63
  Throw: Javelin           |       |    13 |    25 |    84 |   230 ||   352
         Boomerang         |       |       |     6 |       |    31 ||    37
 Invoke: Heroism           |       |       |       |    27 |    24 ||    51
         Finesse           |       |       |       |     1 |     5 ||     6
    Use: Scroll            |     7 |     4 |     5 |     9 |     7 ||    32
         Potion            |       |       |     2 |     3 |     2 ||     7
   Stab: Distracted        |       |       |       |     1 |       ||     1
 Armour: Scale mail        |    35 |    76 |    31 |       |       ||   142
         Chain mail        |       |       |   174 |   166 |       ||   340
         Plate armour      |       |       |       |   119 |   348 ||   467
  Dodge: Dodged            |    48 |    57 |   163 |   181 |   305 ||   754
  Block: Buckler           |     8 |    29 |    72 |    32 |       ||   141
         Kite shield       |       |       |       |   205 |   383 ||   588
         Reflection        |       |       |       |     6 |    31 ||    37

Table legend:
 A = Non-vault XP
 B = Vault XP
 C = Vault XP percentage of total XP
 D = Non-vault monster count
 E = Vault monster count
 F = Vault count percentage of total count
                 A         B        C        D         E       F
            +---------+---------+-------+---------+---------+-------
      Total |   81737 |   45134 |  35.6 |     438 |     252 |  36.5
            +---------+---------+-------+---------+---------+-------
        D:1 |      39 |       0 |   0.0 |      24 |       0 |   0.0
        D:2 |      58 |       0 |   0.0 |      13 |       0 |   0.0
        D:3 |     127 |       0 |   0.0 |      22 |       0 |   0.0
        D:4 |     465 |    1014 |  68.6 |      23 |       7 |  23.3
        D:5 |     597 |     390 |  39.5 |      27 |       2 |   6.9
        D:6 |    1061 |     614 |  36.7 |      20 |      11 |  35.5
        D:7 |    1412 |    1297 |  47.9 |      21 |      36 |  63.2
        D:8 |    3291 |       0 |   0.0 |      25 |       0 |   0.0
        D:9 |    1056 |    2534 |  70.6 |      24 |      29 |  54.7
       D:10 |    3579 |     773 |  17.8 |      13 |       1 |   7.1
       D:11 |    5327 |    4524 |  45.9 |      24 |      15 |  38.5
       D:12 |    4282 |       0 |   0.0 |      24 |       0 |   0.0
       D:13 |    4995 |    7252 |  59.2 |      13 |      17 |  56.7
       D:14 |   16684 |    1716 |   9.3 |      36 |       9 |  20.0
     Lair:1 |    7217 |    2631 |  26.7 |      23 |      43 |  65.2
     Lair:2 |    7302 |    1264 |  14.8 |      26 |      10 |  27.8
     Lair:3 |    4154 |    5337 |  56.2 |      15 |      17 |  53.1
     Lair:4 |    7896 |       0 |   0.0 |      34 |       0 |   0.0
     Lair:5 |   12195 |   15788 |  56.4 |      31 |      55 |  64.0
            +---------+---------+-------+---------+---------+-------
